 Dungeon Crawl Stone Soup version 0.28-a0-1236-gb25a51b929 (webtiles) character file.

Game seed: 4392886068729656117

242 dolemite99 the Cudgeller (level 5, -9/41 HPs)
             Began as a Demonspawn Fighter on Dec 25, 2021.
             Was a Follower of Uskayaw.
             Mangled by an ogre (21 damage)
             ... on level 4 of the Dungeon.
             The game lasted 00:03:31 (4368 turns).

dolemite99 the Cudgeller (Demonspawn Fighter)       Turns: 4368, Time: 00:03:31

Health: -9/41      AC:  8    Str: 18    XL:     5   Next: 81%
Magic:  5/5        EV:  6    Int: 10    God:    Uskayaw [*.....]
Gold:   147        SH:  4    Dex: 12    Spells: 4/4 levels left

rFire   . . .      SeeInvis .   a - +0 flail
rCold   + . .      Faith    .   c - +0 buckler
rNeg    . . .      Spirit   .   p - +0 chain mail {rC+}
rPois   .          Reflect  .   (no helmet)
rElec   .          Harm     .   (no cloak)
rCorr   .          Rampage  .   (no gloves)
Will    .....                   (no boots)
Stlth   ..........              (no amulet)
HPRegen 0.13/turn               (no ring)
MPRegen 0.09/turn               (no ring)

@: no status effects
A: ignite blood 1, demonic touch 1
a: Renounce Religion, Stomp


You were on level 4 of the Dungeon.
You worshipped Uskayaw.
Uskayaw was noncommittal.
You visited 1 branch of the dungeon, and saw 4 of its levels.

You collected 147 gold pieces.

Inventory:

Hand Weapons
 a - a +0 flail (weapon)
 e - a +0 hunting sling
Missiles
 d - a throwing net
 f - 7 poisoned darts
 h - 34 stones (quivered)
 q - 2 bolts
Armour
 b - a +0 scale mail
 c - a +0 buckler (worn)
 g - a scarf of harm
 m - a +0 helmet
 n - a +0 chain mail
 p - a +0 chain mail of cold resistance (worn)
Magical Staves
 l - a staff of fire
Jewellery
 r - a ring of magical power
Scrolls
 i - 3 scrolls of teleportation {unknown}
 k - 2 scrolls of immolation {unknown}
 o - 2 scrolls of fog {unknown}
 s - 2 scrolls of identify {unknown}
 t - a scroll of amnesia {unknown}
 u - a scroll of blinking {unknown}
Potions
 j - a potion of invisibility {unknown}


   Skills:
 - Level 3.0 Fighting
 + Level 5.6 Maces & Flails
 - Level 2.6 Armour
 - Level 2.6 Shields


You had 4 spell levels left.
You didn't know any spells.
Your spell library contained the following spells:

 Spells                   Type           Power      Damage    Failure   Level
 Animate Skeleton         Necr           0%         N/A       99%         1
 Apportation              Tloc           0%         N/A       99%         1
 Sting                    Tmut/Pois      0%         1d3       99%         1
 Summon Small Mammal      Summ           0%         N/A       99%         1
 Poisonous Vapours        Pois/Air       0%         N/A       100%        2
 Static Discharge         Conj/Air       0%         N/A       100%        2
 Dazzling Flash           Conj/Hex       0%         N/A       100%        3
 Inner Flame              Hex/Fire       0%         N/A       100%        3
 Animate Armour           Summ/Erth      0%         N/A       100%        4
 Cause Fear               Hex            0%         N/A       100%        4
 Dispel Undead            Necr           0%         3d6       100%        4
 Olgreb's Toxic Radiance  Pois           0%         N/A       100%        4
 Sticky Flame             Conj/Fire      0%         2d3       100%        4
 Blade Hands              Tmut           0%         N/A       100%        5
 Fireball                 Conj/Fire      0%         3d3       100%        5
 Iron Shot                Conj/Erth      0%         9d1       100%        6
 Discord                  Hex            0%         N/A       100%        8


Dungeon Overview and Level Annotations

Branches:
Dungeon (4/15)
 Temple: D:4-7

Altars:
Uskayaw


Innate Abilities, Weirdness & Mutations

Your demonic aura sometimes causes spilled blood to erupt in flames.
Your touch may inflict minor irresistible damage on your foes.


Message History

u - a scroll labelled WEUZXI ZOUSUJ No target in view!
s - 2 scrolls labelled KAIKLA OLETSE (gained 1)
Things that are here:
a rat corpse; a rat corpse; a rat corpse
h - 34 stones (gained 14)
Things that are here:
a rat corpse; a rat corpse; a rat corpse You now have 147 gold pieces (gained 11).
Key pressed, stopping explore.
No target in view!
An ogre and a skeleton come into view.
The ogre shouts!
A goblin comes into view. It is wielding a +0 dagger.
Found a rapier.
A necrophage comes into view.
Found a book of Air.
You hit the ogre but do no damage. The centaur skeleton hits you.
The centaur skeleton kicks you but does no damage.
The ogre hits you with a +0 giant spiked club!
You hit the ogre.
The ogre is lightly wounded.
The ogre barely misses you. The goblin hits you but does no damage.
You barely miss the ogre.
The ogre is lightly wounded.
The centaur skeleton hits you.
The centaur skeleton kicks you but does no damage.
The ogre hits you with a +0 giant spiked club!
The centaur skeleton hits you.
* * * LOW HITPOINT WARNING * * *
The centaur skeleton barely misses you. The goblin hits you but does no damage.
The necrophage closely misses you.
You hit the ogre.
The ogre is lightly wounded.
The centaur skeleton barely misses you.
The centaur skeleton kicks you but does no damage.
The ogre is engulfed in blazing flames.
The ogre hits you with a +0 giant spiked club!!
Ouch! That really hurt!
You die...

.......###..........).#..
#####.####..#......÷.##..
#...#....)#.##......÷..
##.......##..#......#÷..
............##......##..
..........####.......###
..........# ##.....###.
..........# ##....# #.
......n@..# ##.#####.
......ZOg.# ####.# #..
#........## #....# #.#
.......... #....# ##.#
..........# #....###..#
..).......# #........##
....:.....# #....#####
..........# #....# #....#


You could see an ogre, a necrophage, a goblin and a centaur skeleton.

Vanquished Creatures
  A centaur skeleton (D:4)
  An iguana (D:4)
  An orc wizard (D:3)
  A hound skeleton (D:4)
  3 gnolls (D:3)
  2 adders (D:2)
  A dart slug (D:1)
  10 orcs
  5 ball pythons
  4 endoplasms
  2 giant cockroaches (D:1)
  2 goblins
  9 hobgoblins
  10 jackals
  4 kobolds
  4 quokkas
  5 bats
  4 frilled lizards
  23 rats
  A bush (D:3)
93 creatures vanquished.

Vanquished Creatures (others)
  25 plants (D:2)
25 creatures vanquished.

Grand Total: 118 creatures vanquished

Notes
Turn   | Place    | Note
-------+----------+-------------------------------------------
     0 | D:1      | dolemite99 the Demonspawn Fighter began the quest for the
                  | Orb.
     0 | D:1      | Reached XP level 1. HP: 18/18 MP: 1/1
   188 | D:1      | Reached skill level 2 in Maces & Flails
   311 | D:1      | Found a faded altar of an unknown god.
   319 | D:1      | Prayed at the altar of an unknown god.
   319 | D:1      | Became a worshipper of Uskayaw the Reveller
   319 | D:1      | Reached * piety under Uskayaw
   333 | D:1      | Gained mutation: Your touch may inflict minor irresistible
                  | damage on your foes. [demonic ancestry]
   333 | D:1      | Reached XP level 2. HP: 24/24 MP: 2/2
   452 | D:1      | Reached ** piety under Uskayaw
   932 | D:1      | Reached skill level 3 in Maces & Flails
  1037 | D:1      | Reached XP level 3. HP: 16/29 MP: 3/3
  1975 | D:2      | Gained mutation: Your demonic aura sometimes causes spilled
                  | blood to erupt in flames. [demonic ancestry]
  1975 | D:2      | Reached XP level 4. HP: 29/35 MP: 4/4
  2218 | D:2      | Got the Papyrus of Igneous Conjuration
  2234 | D:2      | Reached skill level 4 in Maces & Flails
  2342 | D:3      | Reached *** piety under Uskayaw
  2348 | D:3      | Reached **** piety under Uskayaw
  3424 | D:3      | Found a hide-covered altar of Uskayaw.
  3492 | D:3      | Reached XP level 5. HP: 9/41 MP: 5/5
  4094 | D:4      | Reached skill level 5 in Maces & Flails
  4361 | D:4      | Noticed an ogre
  4362 | D:4      | Noticed a necrophage
  4368 | D:4      | Mangled by an ogre

Illustrated notes

Levels and vault maps discovered:
D:1:      lightli_arrival_noodles, layout_loops_corners,
          ebering_ecumenical_altar_sacrificial, minivault_11,
          serial_bayou_pond_e
D:2:      layout_basic, serial_bayou_lagoon_a
D:3:      layout_loops_cross, lemuel_round_altar, nrook_uturn,
          hangedman_decor_slide_cut, minmay_hedge_maze
D:4:      layout_rooms, mainiacjoe_overflow_catwalk, minmay_rat_hole

Skill      XL: |  1  2  3  4  5 |
---------------+----------------+-----
Maces & Flails | 2 3 4 5 |  5.6
Fighting       | |  3.0
Armour         | |  2.6
Shields        | |  2.6

Action                   |  1- 3 |  4- 6 || total
-------------------------+-------+-------++-------
Melee: Flail             |   122 |   151 ||   273
Throw: Dart              |    10 |       ||    10
       Stone             |    48 |    37 ||    85
  Use: Potion            |       |     3 ||     3
 Stab: Paralysed         |       |     5 ||     5
Armor: Scale mail        |    51 |       ||    51
       Chain mail        |    22 |    69 ||    91
Dodge: Dodged            |    76 |    59 ||   135
Block: Buckler           |    30 |    26 ||    56

Table legend: (Time is in decaauts)
 A = Elapsed time spent in this place.
 B = Non-inter-level travel time spent in this place.
 C = Inter-level travel time spent in this place.
 D = Time resting spent in this place.
 E = Time spent auto-exploring this place.
 F = Levels seen in this place.
 G = Mean time per level.
                   A        B        C        D        E       F      G
               +--------+--------+--------+--------+--------+-----+--------+
         Total |   4449 |   4320 |    129 |    756 |   2655 |   4 | 1112.2 |
       Dungeon |   4449 |   4320 |    129 |    756 |   2655 |   4 | 1112.2 |
               +--------+--------+--------+--------+--------+-----+--------+

Top non-repeatable levels by time:
     D:3: 1762 daAuts
     D:1: 1495 daAuts
     D:2: 863 daAuts
     D:4: 328 daAuts
